 Dungeon Sprint DCSS version 0.13.2 (webtiles) character file.

4189 sanboga the Hoplite (level 9, -14/80 HPs)
             Began as a Minotaur Fighter on Mar 5, 2017.
             Was an Elder of Okawaru.
             Demolished by a red devil
             ... wielding a +0,+2 demon trident of electrocution
             ... summoned by an orc high priest
              (20 damage)
             ... in the Dungeon (Sprint IX: "|||||||||||||||||||||||||||||").
             The game lasted 00:11:22 (2071 turns).

sanboga the Hoplite (Minotaur Fighter)              Turns: 2071, Time: 00:11:23

HP -14/80        AC 14     Str 21      XL: 9   Next: 60%
MP   2/2         EV 15     Int  6      God: Okawaru [****..]
Gold 1084        SH  0     Dex 16      Spells:  0 memorised,  8 levels left

Res.Fire  : . . .   See Invis. : .   o - +2 sabre (distort)
Res.Cold  : . . .   Warding    : .   r - +1 scale mail
Life Prot.: . . .   Conserve   : .   (no shield)
Res.Poison: .       Res.Corr.  : .   (helmet restricted)
Res.Elec. : .       Clarity    : .   p - +0 orc cloak
Sust.Abil.: . .     Spirit.Shd : .   q - +0 pair of gloves
Res.Mut.  : .       Prev.Telep.: +   y - +0 pair of boots
Res.Rott. : .       Flight     : .   (no amulet)
Saprovore : . . .                    t - +3 ring of dexterity
                                     s - +3 ring of intelligence

@: very slightly contaminated, slightly resistant to hostile enchantments,
extremely unstealthy
A: retaliatory headbutt, horns 2, deterioration 1, -10% mp, Int -2
a: Heroism, Renounce Religion


You were in the Dungeon.
You worshipped Okawaru.
Okawaru was greatly pleased with you.
You were not hungry.

You visited 1 branch You collected 1064 gold pieces.

Inventory:

Hand weapons
 a - a +0,+0 hand axe (quivered) {=f}
 o - a +2,+2 sabre of distortion (weapon)
 A - a +1,+3 orcish battleaxe
Armour
 c - a +3 shield
 p - a +0 orcish cloak (worn)
 q - a +0 pair of gloves (worn)
 r - a +1 scale mail (worn)
 y - a +0 pair of boots (worn)
 B - a +10 orcish plate armour of ponderousness
Magical devices
 n - a wand of draining (7)
Comestibles
 d - 14 bread rations
 v - a snozzcumber
 w - 40 strawberries
 z - 11 meat rations
Scrolls
 j - 4 scrolls of blinking
 l - 4 scrolls of remove curse
 m - 2 scrolls of amnesia
 x - a scroll of fog
Jewellery
 s - a +3 ring of intelligence (left hand)
 t - a +3 ring of dexterity (right hand)
Potions
 b - a potion of resistance
 e - 4 potions of curing
 f - a potion of heal wounds
 g - 2 potions of speed
 h - 4 potions of magic
 i - a potion of berserk rage
 k - a potion of invisibility
 u - a potion of might


   Skills:
 + Level 10.1 Fighting
 + Level 7.8 Short Blades
 + Level 5.6 Axes
 + Level 12.1 Armour
 + Level 11.5 Dodging
 + Level 3.0 Stealth
   Level 14.3 Shields


You had 8 spell levels left.
You didn't know any spells.

Dungeon Overview and Level Annotations

Branches:
Dungeon (1/1)

Altars:
Ashenzari
Cheibriados
Elyvilon
Fedhas
Kikubaaqudgha
Makhleb
Nemelex Xobeh
Okawaru
Sif Muna
Trog
Vehumet
Xom
Yredelemnul
Zin
the Shining One

Shops:
D (?


Innate Abilities, Weirdness & Mutations

You reflexively headbutt those who attack you in melee.
You have a pair of horns on your head.
Your body is slowly deteriorating.
You are dopey. (Int -2)
Your magical capacity is low (-10% MP).


Message History

Pick up an orcish scimitar? ((y)es/(n)o/(a)ll/(m)enu/*?g,/q) Pick up an orcish chain mail? ((y)es/(n)o/(a)ll/(m)enu/*?g,/q)
Okay, then.
You resume training Short Blades.
Really wield
o - a +2,+2 sabre of distortion?
Space warps around you for a moment!
o - a +2,+2 sabre of distortion (weapon)
The orc knight picks up an orcish hand axe.
You hit the orc knight.
Space warps horribly around the orc knight!
The orc knight is heavily wounded.
The orc knight barely misses you. You furiously retaliate!
You headbutt the orc knight.
Your scale mail prevents you from hitting the orc knight.
The orc knight is heavily wounded.
The orc high priest mumbles some strange prayers.
The red devil hits you from afar with a runed demon trident.
* * * LOW HITPOINT WARNING * * *
You are electrocuted!
You die...

#$#.#'#.#.#
#o#.#.#.#.#
#.#.#.#.#'#
#o#.#.#.#_#
#o#.#.#.#_#
#o#.#.#.#_#
#4#.#.#.#_#
#o#.#.#.#_#
#@#.#.#.#_#
#)#.#.#.#_#
#.#.#'#.#_#
#.#.#.#.#_#
#[#.#.#.#_#
#)#.#.#.#_#
#)#.#.#.#_#
#.#.#.#.#_#
#.#.#.#.#_#


You could see an orc knight, an orc high priest, a red devil and 3 orcs.

Vanquished Creatures
  2 elephants (D)
  A spiny frog (D)
  A wyvern (D)
  A yak (D)
  A hippogriff (D)
  A porcupine (D)
  6 orc warriors (D)
  2 giant frogs (D)
  A crimson imp (D)
  3 orc priests (D)
  5 orc wizards (D)
  An iguana (D)
  2 adders (D)
  8 orcs (D)
  2 hobgoblins (D)
  A jackal (D)
  2 quokkas (D)
  A bat (D)
  A giant gecko skeleton (D)
  3 goblins (D)
  3 rats (D)
  A fungus (D)
49 creatures vanquished.

Vanquished Creatures (others)
  2 elephants (D)
  A yak (D)
  An agate snail (D)
  An orc wizard (D)
  An orc (D)
6 creatures vanquished.

Grand Total: 55 creatures vanquished

Notes
Turn   | Place    | Note
--------------------------------------------------------------
     0 | D        | sanboga, the Minotaur Fighter, began the quest for the Orb.
     0 | D        | Reached XP level 1. HP: 19/19 MP: 0/0
    11 | D        | Reached skill level 4 in Fighting
    25 | D        | Noticed a crimson imp
    35 | D        | Reached XP level 2. HP: 19/27 MP: 0/0
    55 | D        | Killed a crimson imp
    55 | D        | Reached skill level 5 in Fighting
    55 | D        | Reached skill level 5 in Armour
    55 | D        | Reached skill level 1 in Dodging
    55 | D        | Reached skill level 5 in Shields
    55 | D        | Reached XP level 3. HP: 16/34 MP: 1/1
   217 | D        | Found a sparkling altar of Nemelex Xobeh.
   217 | D        | Found an iron altar of Okawaru.
   217 | D        | Found a basalt altar of Yredelemnul.
   217 | D        | Found a deep blue altar of Sif Muna.
   217 | D        | Found a shimmering altar of Xom.
   217 | D        | Found a blossoming altar of Fedhas.
   217 | D        | Found an ancient bone altar of Kikubaaqudgha.
   218 | D        | Found a radiant altar of Vehumet.
   219 | D        | Found a snail-covered altar of Cheibriados.
   220 | D        | Found a bloodstained altar of Trog.
   221 | D        | Found an ancient bone altar of Kikubaaqudgha.
   222 | D        | Found a blossoming altar of Fedhas.
   223 | D        | Found a shattered altar of Ashenzari.
   224 | D        | Found a glowing silver altar of Zin.
   225 | D        | Became a worshipper of Warmaster Okawaru
   258 | D        | Found a burning altar of Makhleb.
   259 | D        | Found a white marble altar of Elyvilon.
   260 | D        | Found a glowing golden altar of the Shining One.
   310 | D        | Noticed a hippogriff
   310 | D        | Noticed a goliath beetle
   310 | D        | Noticed a goliath beetle
   408 | D        | Noticed a worker ant
   408 | D        | Noticed a giant frog
   408 | D        | Noticed an orc warrior
   408 | D        | Noticed a two-headed ogre
   408 | D        | Noticed a wyvern
   408 | D        | Noticed a killer bee
   423 | D        | Killed a wyvern
   423 | D        | Reached skill level 6 in Fighting
   423 | D        | Reached skill level 8 in Armour
   423 | D        | Reached skill level 1 in Stealth
   423 | D        | Reached XP level 4. HP: 12/41 MP: 1/1
   423 | D        | Reached XP level 5. HP: 14/48 MP: 1/1
   435 | D        | Killed a giant frog
   435 | D        | Reached skill level 5 in Dodging
   438 | D        | Acquired Okawaru's first power
   799 | D        | Noticed a spiny frog
   799 | D        | Noticed a porcupine
   799 | D        | Noticed an agate snail
   799 | D        | Noticed a giant frog
   802 | D        | Noticed an iguana
   806 | D        | Killed a giant frog
   806 | D        | Reached skill level 5 in Axes
   806 | D        | Reached skill level 9 in Armour
   806 | D        | Reached XP level 6. HP: 56/56 MP: 2/2
   810 | D        | Banished an agate snail
   810 | D        | Reached skill level 1 in Short Blades
   827 | D        | Killed an iguana
   930 | D        | Noticed a porcupine
   930 | D        | Noticed a yak
   930 | D        | Noticed a giant slug
   930 | D        | Noticed a yak
   930 | D        | Noticed a hippogriff
   930 | D        | Noticed a spiny frog
   933 | D        | Noticed a porcupine
   933 | D        | Killed a spiny frog
   933 | D        | Reached skill level 10 in Armour
   933 | D        | Reached skill level 10 in Shields
   933 | D        | Reached XP level 7. HP: 49/62 MP: 2/2
   938 | D        | Noticed a giant slug
   938 | D        | Killed a hippogriff
   938 | D        | Reached skill level 11 in Shields
   939 | D        | Banished a yak
   950 | D        | Killed a yak
   950 | D        | Reached XP level 8. HP: 31/71 MP: 2/2
   956 | D        | Killed a porcupine
  1203 | D        | Noticed an elephant
  1203 | D        | Noticed an elephant
  1203 | D        | Noticed an elephant
  1203 | D        | Noticed an elephant
  1203 | D        | Noticed an elephant
  1203 | D        | Noticed an elephant
  1203 | D        | Noticed a dire elephant
  1225 | D        | Banished an elephant
  1225 | D        | Reached skill level 12 in Shields
  1230 | D        | Noticed an elephant
  1250 | D        | Banished an elephant
  1250 | D        | Reached skill level 5 in Short Blades
  1250 | D        | Reached skill level 10 in Dodging
  1253 | D        | Killed an elephant
  1253 | D        | Reached skill level 13 in Shields
  1253 | D        | Reached XP level 9. HP: 47/79 MP: 3/3
  1255 | D        | Killed an elephant
  1528 | D        | Noticed an orc wizard
  1528 | D        | Noticed an orc priest
  1528 | D        | Noticed an orc wizard
  1530 | D        | Noticed an orc wizard
  1533 | D        | Noticed an orc wizard
  1535 | D        | Noticed an orc wizard
  1540 | D        | Noticed an orc priest
  1540 | D        | Killed an orc priest
  1543 | D        | Killed an orc wizard
  1544 | D        | Noticed an orc priest
  1545 | D        | Killed an orc wizard
  1546 | D        | Banished an orc wizard
  1549 | D        | Killed an orc wizard
  1551 | D        | Noticed an orc wizard
  1556 | D        | Killed an orc priest
  1559 | D        | Killed an orc priest
  1579 | D        | Killed an orc wizard
  1783 | D        | Noticed an orc warrior
  1783 | D        | Noticed an orc warrior
  1783 | D        | Noticed an orc warrior
  1783 | D        | Noticed an orc warrior
  1783 | D        | Noticed an orc wizard
  1785 | D        | Noticed an orc warrior
  1788 | D        | Noticed an orc warrior
  1790 | D        | Killed an orc warrior
  1791 | D        | Noticed an orc warrior
  1796 | D        | Killed an orc wizard
  1807 | D        | Noticed an orc warrior
  1820 | D        | Noticed an orc warrior
  1823 | D        | Killed an orc warrior
  1823 | D        | Reached skill level 14 in Shields
  1831 | D        | Killed an orc warrior
  1831 | D        | Reached skill level 10 in Fighting
  1845 | D        | Killed an orc warrior
  1852 | D        | Killed an orc warrior
  1857 | D        | Killed an orc warrior
  1904 | D        | Gained mutation: Your magical capacity is low (-10% MP). [mutagenic glow]
  1924 | D        | Gained mutation: You are dopey. (Int -2) [mutagenic glow]
  1944 | D        | Gained mutation: Your body is slowly deteriorating. [mutagenic glow]
  2050 | D        | Found Elypni's Magic Scroll Boutique.
  2050 | D        | Noticed an orc high priest
  2050 | D        | Noticed an orc knight
  2054 | D        | Noticed an orc high priest
  2054 | D        | Found Skuazej's Weapon Shop.
  2058 | D        | Noticed a sixfirhy
  2061 | D        | HP: 4/80 [orc high priest/divine providence (11)]
  2071 | D        | Demolished by a red devil

Action                   |  1- 3 |  4- 6 |  7- 9 || total
-------------------------+-------+-------+-------++-------
Melee: Hand axe          |    36 |       |       ||    36
       Sabre             |    30 |    45 |   146 ||   221
       Battleaxe         |       |       |     9 ||     9
  Use: Potion            |       |     1 |     7 ||     8
       Scroll            |       |       |     3 ||     3
